 Dungeon Crawl Stone Soup version 0.30-a0-823-geb93a13fce (webtiles) character file.

Game seed: 4103239898016849962

509 Obscure the Covered (level 6, -2/56 HPs)
             Began as a Minotaur Fighter on Feb 27, 2023.
             Slain by Dowan
             ... wielding a +3 dagger of electrocution
              (15 damage)
             ... on level 5 of the Dungeon.
             The game lasted 00:29:04 (3648 turns).

Obscure the Covered (Minotaur Fighter)              Turns: 3648, Time: 00:29:05

Health: -2/56      AC: 14    Str: 27    XL:     6   Next: 98%
Magic:  5/5        EV:  7    Int:  4    God:
Gold:   294        SH:  5    Dex: 14    Spells: 5/5 levels left

rFire   . . .      SeeInvis .    a - +1 long sword (venom)
rCold   . . .      Faith    .    c - +0 buckler
rNeg    . . .      Spirit   .    n - +0 plate armour
rPois   .          Reflect  .    (helmet restricted)
rElec   .          Harm     .    (no cloak)
rCorr   .          Rampage  +    (no gloves)
Will    .....                    e - +0 pair of boots of the Everdark {Rampage Str+6} Stlth
                                 (no amulet)
HPRegen 0.00/turn                (no ring)
MPRegen 0.09/turn                (no ring)

@: inhibited regen
A: horns 2, retaliatory headbutt, agile 1, inhibited regeneration
a: no special abilities


You were on level 5 of the Dungeon.
You visited 1 branch of the dungeon, and saw 5 of its levels.
You also visited: Sewer.

You collected 294 gold pieces.

Inventory:

Hand Weapons
 a - a +1 long sword of venom (weapon)
 b - a +0 giant spiked club
 g - the +10 dagger of Impermanence {freeze, rF++ rC- rN+ Stlth+}
   (You took it off a kobold on level 2 of the Dungeon)

   rF:        It greatly protects you from fire.
   rC:        It makes you vulnerable to cold.
   rN:        It protects you from negative energy.
   Stlth:     It makes you more stealthy.
Missiles
 f - 22 stones
 h - 9 poisoned darts (quivered)
 w - a throwing net
Armour
 c - a +0 buckler (worn)
 e - the +0 pair of boots of the Everdark (worn) {Rampage Str+6}
   (You acquired it on level 2 of the Dungeon)

   Str:       It affects your strength (+6).
   Rampage:   It bestows one free step when moving towards enemies.
 n - a +0 plate armour (worn)
Jewellery
 p - a ring of magical power
 t - an amulet of magic regeneration
Wands
 q - a wand of charming (2)
Scrolls
 r - 3 scrolls of teleportation
 u - a scroll of blinking {unknown}
 v - a scroll of amnesia
Potions
 d - 2 potions of haste
 i - a potion of might
 j - 2 potions of brilliance
 k - a potion of berserk rage {unknown}
 l - a potion of attraction {unknown}
 m - a potion of heal wounds
 o - 4 potions of curing
 s - a potion of lignification {unknown}


   Skills:
 + Level 5.1 Fighting
 + Level 6.0 Long Blades
 + Level 6.2 Armour
 + Level 1.2 Dodging
 + Level 0.3 Stealth
 - Level 4.0 Shields


You had 5 spell levels left.
You didn't know any spells.
Your spell library contained the following spells:

 Spells                   Type           Power      Damage    Failure   Level
 Apportation              Tloc           0%         N/A       100%        1
 Kindle Blastsparks       Fire/Tloc/Air  0%         2d10      100%        3
 Fulminant Prism          Conj/Hex       0%         3d5       100%        4
 Iskenderun's Mystic Bla  Conj/Tloc      0%         2d3       100%        4
 Alistair's Intoxication  Tmut/Pois      0%         N/A       100%        5
 Lee's Rapid Deconstruct  Erth           0%         3d4*      100%        5


Dungeon Overview and Level Annotations

Branches:
Dungeon (5/15)              Sewer (visited)
 Temple: D:4-7

Altars:
Dithmenos
Vehumet

Annotations:
D:5 Dowan


Innate Abilities, Weirdness & Mutations

You have a pair of horns on your head.
You reflexively headbutt those who attack you in melee.
You are agile. (Dex +4, Str/Int -1)
You do not regenerate when monsters are visible.


Message History

Something hits you but does no damage. Something hits you but does no damage.
Something hits you.
Duvessa appears from thin air!
Reactivating autopickup.
There is a stone staircase leading up here.
Duvessa attacks as you move away! Duvessa hits you but does no damage.
You hit Duvessa.
Duvessa is poisoned.
Duvessa is severely wounded.
You block Duvessa's attack. Duvessa hits you with a +0 short sword.
Duvessa hits you but does no damage.
You hit Duvessa.
Duvessa looks as sick as possible!
Your headbutt misses Duvessa.
Duvessa is almost dead.
You kill Duvessa!
You hear a distant wail of despair.
Your Long Blades skill increases to level 6!
Your Armour skill increases to level 6!
There is a stone staircase leading up here.
Things that are here:
a +0 short sword; a +0 leather armour; the elf corpse of Duvessa
Okay, then.
Okay, then.
You feel much better.
There is an escape hatch in the floor here.
There is an escape hatch in the floor here.
Dowan, Brother of Duvessa comes into view.
He is wielding a +3 dagger of electrocution.
Dowan seems to find hidden reserves of power!
Dowan points at you and mumbles some strange words.
The shard of ice hits you!
Dowan mumbles some strange words.
Dowan blinks!
Dowan hits you with a +3 dagger of electrocution.
You are electrocuted!
Dowan hits you but does no damage.
Dowan hits you with a +3 dagger of electrocution.
* * * LOW HITPOINT WARNING * * *
You are electrocuted!
You die...

,,,,,,,,#............#,,,,,,,,,,,
,,,,,,,*#............#,,,,,,,,,,,
*******##............#,,,,,,,,,,,
#.........<...#,,,,,,,,,,,
#....##.......#,,,,,,,,,,,
#....##.......#,,,,,,,,,,,
#.............#,,,,,,,,,,,
#.............###+##,,,,,,
#........@e......>.#,,,,,,
#....##.......##...#,,,,,,
##...##.......##...#,,,,,,
*#.................#,,,,,,
#.............######,,,,,,
#.............#,,,,,,,,,,,
#....##.......#,,,,,,,,,,,
#....##.......#,,,,,,,,,,,
#....+,,....,,*,,,,,,,,,,,


You could see Dowan (fast).

Vanquished Creatures
  Duvessa (D:5)
  Pargi (Sewer)
  An ogre (D:4)
  A jelly (D:3)
  2 iguanas (D:4)
  A gnoll (D:2)
  3 adders
  A shadow imp (D:4)
  5 worms
  3 dart slugs
  An orc (D:3)
  8 ball pythons
  7 endoplasms
  5 giant cockroaches
  4 goblins (D:4)
  5 hobgoblins
  8 jackals
  5 kobolds (D:2)
  5 quokkas
  5 bats
  4 frilled lizards
  4 rats
80 creatures vanquished.

Notes
Turn   | Place    | Note
-------+----------+-------------------------------------------
     0 | D:1      | Obscure the Minotaur Fighter began the quest for the Orb.
     0 | D:1      | Reached XP level 1. HP: 19/19 MP: 0/0
   111 | D:1      | Reached XP level 2. HP: 27/27 MP: 1/1
   650 | D:2      | Identified a scroll of acquirement
   650 | D:2      | Acquired the +0 pair of boots of the Everdark {Rampage
                  | Str+6}
   858 | D:2      | Reached XP level 3. HP: 33/33 MP: 2/2
   992 | D:2      | Gained mutation: You do not regenerate when monsters are
                  | visible. [potion of mutation]
   992 | D:2      | Gained mutation: You are agile. (Dex +4, Str/Int -1)
                  | [potion of mutation]
  1031 | D:2      | Identified the +10 dagger of Impermanence {freeze, rF++ rC-
                  | rN+ Stlth+}
  1318 | D:2      | Reached XP level 4. HP: 40/40 MP: 3/3
  2059 | D:3      | Found a glowing drain.
  2068 | Sewer    | Entered a sewer
  2110 | Sewer    | Noticed Pargi
  2127 | Sewer    | Killed Pargi
  2128 | Sewer    | Reached skill level 5 in Armour
  2128 | Sewer    | Reached XP level 5. HP: 30/47 MP: 4/4
  2777 | D:4      | Reached skill level 5 in Long Blades
  2834 | D:4      | Reached XP level 6. HP: 33/53 MP: 5/5
  2955 | D:4      | Found a shadowy altar of Dithmenos.
  3116 | D:4      | Reached skill level 1 in Dodging
  3182 | D:4      | Found a radiant altar of Vehumet.
  3492 | D:4      | Reached skill level 5 in Fighting
  3524 | D:5      | Entered Level 5 of the Dungeon
  3569 | D:5      | Noticed Duvessa
  3622 | D:5      | Killed Duvessa
  3642 | D:5      | Noticed Dowan
  3648 | D:5      | Slain by Dowan

Illustrated notes

Levels and vault maps discovered:
D:1:      amcnicky_arrival_gap_in_the_tavern_cellar, layout_rooms
D:2:      kennysheep_big_flooded_room, layout_basic
D:3:      layout_loops_ring, portal_sewer_entry_d
D:4:      layout_cave_pools, nicolae_dithmenos_through_a_glass_darkly,
          nicolae_overflow_hidden_temple
D:5:      layout_gridville, gammafunk_ghost_smash, eino_tiny_chamber,
          uniq_duvessa, uniq_sigmund, uniq_prince_ribbit1, uniq_pikel

Skill      XL: |  1  2  3  4  5  6 |
---------------+-------------------+-----
Fighting       | 4 5 |  5.1
Armour         | 4 5 6 |  6.2
Shields        | 4 |  4.0
Long Blades    | 3 4 5 6 |  6.0
Dodging        | 1 |  1.2
Stealth        | |  0.3

Action                     |  1- 3 |  4- 6 || total
---------------------------+-------+-------++-------
  Melee: Long sword        |    75 |    82 ||   157
         Headbutt          |    10 |    19 ||    29
    Use: Scroll            |     3 |    10 ||    13
         Potion            |     2 |     2 ||     4
 Armour: Scale mail        |    27 |       ||    27
         Chain mail        |    12 |       ||    12
         Plate armour      |    12 |    99 ||   111
  Dodge: Dodged            |    41 |    40 ||    81
  Block: Buckler           |    26 |    32 ||    58

Table legend: (Time is in decaauts)
 A = Elapsed time spent in this place.
 B = Non-inter-level travel time spent in this place.
 C = Inter-level travel time spent in this place.
 D = Time resting spent in this place.
 E = Time spent auto-exploring this place.
 F = Levels seen in this place.
 G = Mean time per level.
                   A        B        C        D        E       F      G
               +--------+--------+--------+--------+--------+-----+--------+
         Total |   3697 |   3683 |     14 |      0 |      0 |   6 |  616.2 |
       Dungeon |   3550 |   3536 |     14 |      0 |      0 |   5 |  710.0 |
         Sewer |    146 |    146 |      0 |      0 |      0 |   1 |  146.0 |
               +--------+--------+--------+--------+--------+-----+--------+

Top non-repeatable levels by time:
     D:2: 1135 daAuts
     D:3: 865 daAuts
     D:4: 770 daAuts
     D:1: 656 daAuts
   Sewer: 146 daAuts
     D:5: 123 daAuts
